 Dungeon Crawl Stone Soup version 0.19-a0-1789-ga32af4e (webtiles) character file.

64 FrankyJ the Magician (level 3, -3/21 HPs)
             Began as a High Elf Wizard on Oct 3, 2016.
             Slain by a worm (12 damage)
             ... on level 2 of the Dungeon on Oct 4, 2016.
             The game lasted 00:08:26 (2471 turns).

FrankyJ the Magician (High Elf Wizard)              Turns: 2471, Time: 00:08:26

Health: -3/21      AC:  3    Str:  7    XL:     3   Next: 91%
Magic:  1/10       EV: 12    Int: 22    God:
Gold:   11         SH:  0    Dex: 13    Spells: 3 memorised, 7 levels left

rFire  . . .     SeeInvis .     e - +0 dagger
rCold  . . .     Gourm    .     a - +0 robe
rNeg   . . .     Faith    .     (no shield)
rPois  .         Spirit   .     b - +0 hat
rElec  .         Dismiss  .     l - +0 cloak
rCorr  .         Reflect  .     (no gloves)
MR     .....     Harm     .     (no boots)
Stlth  ++........               (no amulet)
                                (no ring)
                                (no ring)

@: very slightly contaminated
A: no striking features
a: no special abilities


You were on level 2 of the Dungeon.
You were hungry.

You visited 1 branch of the dungeon, and saw 2 of its levels.

You collected 11 gold pieces.

Inventory:

Hand Weapons
 e - a +0 dagger (weapon)
 m - a +2 dagger of speed
Armour
 a - a +0 robe (worn)
 b - a +0 hat (worn)
 l - a +0 cloak (worn)
Jewellery
 j - an uncursed ring of flight {unknown}
Potions
 h - a potion of might {unknown}
 k - a potion of brilliance
Books
 c - a book of Minor Magic

   Spells                             Type                      Level
   a - Magic Dart                     Conjuration                  1
   b - Blink                          Translocation                2
   c - Call Imp                       Summoning                    2
   d - Repel Missiles                 Charms/Air                   2
   e - Slow                           Hexes                        2
   f - Conjure Flame                  Conjuration/Fire             3
   g - Mephitic Cloud                 Conjuration/Poison/Air       3
Comestibles
 d - a bread ration


   Skills:
 - Level 2.1 Dodging
 - Level 2.1 Stealth
 - Level 5.3 Spellcasting
 + Level 1.4 Conjurations
 - Level 0.8 Summonings
 + Level 1.4 Translocations


You had 7 spell levels left.
You knew the following spells:

 Your Spells              Type           Power        Failure   Level  Hunger
a - Magic Dart            Conj           ##..         8%          1    None
b - Blink                 Tloc           N/A          10%         2    None
c - Call Imp              Summ           #.......     12%         2    None


Dungeon Overview and Level Annotations

Branches:
Dungeon (2/15)

Altars:


Message History

The worm closely misses you.
You barely miss the worm.
The worm is heavily wounded.
Your crimson imp hits the worm.
Casting: Magic Dart
Confirm with . or Enter, or press ? or * to list all spells.
You blink.
The worm barely misses your crimson imp.
Your crimson imp barely misses the worm.
You hit the worm.
The worm is heavily wounded.
Your crimson imp hits the worm.
Casting: Blink
Confirm with . or Enter, or press ? or * to list all spells.
Aiming: Magic Dart
Press: ? - help, Shift-Dir - straight line, f/p - worm
Aim: a worm (almost dead)
You miscast Magic Dart.
Nothing appears to happen.
The worm bites you!
Ouch! That really hurt!
You die...

.........# #.##.##..
.........#####..#..#.#
#.........(.###..#.#.#
.(....<..(..........##
#.......#####......#
.####.......###........#
......#......##........####.
.................(.........
##...#...5@........÷.......
##..##.#w........)....⌠..>
#....<..<##.)....##.......
#...#......#..............
#.# #.......##....#.####.#
.. ##..............# . #
............##.#
.............# ..
#####....#.##


You could see a worm and a friendly crimson imp.

Vanquished Creatures
  An adder (D:1)
  2 oozes (D:1)
  A dart slug (D:1)
  3 ball pythons (D:1)
  2 giant cockroaches (D:1)
  10 goblins (D:1)
  8 hobgoblins (D:1)
  2 jackals (D:1)
  A quokka (D:2)
  4 bats
  3 frilled lizards
  2 kobolds (D:1)
  A rat (D:1)
40 creatures vanquished.

Notes
Turn   | Place    | Note
-------+----------+-------------------------------------------
     0 | D:1      | FrankyJ the High Elf Wizard began the quest for the Orb.
     0 | D:1      | Reached XP level 1. HP: 11/11 MP: 6/6
    89 | D:1      | Reached skill level 4 in Spellcasting
   150 | D:1      | Reached XP level 2. HP: 14/17 MP: 0/8
   154 | D:1      | Learned a level 2 spell: Blink
   944 | D:1      | Reached XP level 3. HP: 21/21 MP: 5/10
  1161 | D:1      | Reached skill level 5 in Spellcasting
  2456 | D:2      | Learned a level 2 spell: Call Imp
  2471 | D:2      | Slain by a worm

Vault maps used:
D:1:      erik_arrival_gehennom
D:2:      hangedman_feature_mirror

Skill      XL: |  1  2  3 |
---------------+----------+-----
Spellcasting   | 4 5 |  5.3
Dodging        | |  2.1
Stealth        | |  2.1
Conjurations   | |  1.4
Summonings     | |  0.8
Translocations | |  1.4

Action                   || total
-------------------------++-------
Melee: Dagger            ||    41
 Cast: Magic Dart        ||   104
       Blink             ||     4
       Call Imp          ||     1
  Use: Scroll            ||     2
  Eat: Chunk             ||     4
Armor: Robe              ||    12
Dodge: Dodged            ||    48
